 Dungeon Crawl Stone Soup version 0.17.1-3-g152610e (webtiles) character file.

201 Jerry the Ducker (level 5, -6/36 HPs)
             Began as an Octopode Monk on Mar 13, 2016.
             Mangled by an ogre
             ... wielding a +0 giant spiked club
              (23 damage)
             ... on level 4 of the Dungeon.
             The game lasted 00:10:55 (3256 turns).

Jerry the Ducker (Octopode Monk)                    Turns: 3256, Time: 00:10:55

Health: -6/36      AC:  1    Str: 10    XL:     5   Next: 79%
Magic:  5/5        EV: 15    Int: 12    God:
Gold:   203        SH:  0    Dex: 16    Spells: 1 memorised, 3 levels left

rFire  . . .     SeeInvis +     w - +1 whip of Piminnoi {pain, MR++} (curse)
rCold  . . .     Clarity  .     (no shield)
rNeg   . . .     SustAt   .     (helmet restricted)
rPois  .         Gourm    .     (no amulet)
rElec  .         Spirit   .     n - ring of see invisible
rCorr  .         Warding  .     (no ring)
rMut   .         Stasis   .     (no ring)
MR     ++...                    (no ring)
Stlth  ++++......               (no ring)
                                (no ring)
                                (no ring)
                                (no ring)

@: very resistant to hostile enchantments, stealthy
A: almost no armour, amphibious, 8 rings, constrict 8, camouflage 1, gelatinous
body 1
a: no special abilities


You were on level 4 of the Dungeon.
You were not hungry.

You visited 1 branch of the dungeon, and saw 4 of its levels.

You collected 203 gold pieces.

Inventory:

Hand Weapons
 w - the cursed +1 whip of Piminnoi (weapon) {pain, MR++}
   (You found it on level 4 of the Dungeon)

   In the hands of one skilled in necromantic magic, it inflicts extra damage on
   living creatures.
   It affects your resistance to hostile enchantments.
   It has a curse placed upon it.
Missiles
 g - 64 stones (quivered)
Jewellery
 n - a ring of see invisible (left tentacle)
Wands
 q - a wand of confusion (31)
Scrolls
 c - 2 scrolls of remove curse
 e - 6 scrolls of enchant weapon
 f - a scroll of identify
 i - a scroll of recharging {unknown}
 l - a scroll of noise {unknown}
 t - a scroll of amnesia {unknown}
 u - a scroll of blinking {unknown}
Potions
 h - 2 potions of cancellation {unknown}
 j - 3 potions of curing
 k - a potion of ambrosia {unknown}
 m - a potion of invisibility {unknown}
 o - a potion of heal wounds {unknown}
 p - a potion of berserk rage {unknown}
 r - a potion of lignification {unknown}
Books
 v - Jessica's Disquisition on Protection
   (You found it on level 3 of the Dungeon)

   Spells                             Type                      Level
   a - Infusion                       Charms                       1
Comestibles
 a - 3 bread rations
 b - a slice of pizza
 d - a beef jerky
 s - 2 chunks of flesh
 x - a meat ration


   Skills:
 - Level 3.0 Fighting
 + Level 5.6 Dodging
 - Level 4.1 Stealth
 - Level 4.0 Unarmed Combat
 + Level 1.4 Charms


You had 3 spell levels left.
You knew the following spells:

 Your Spells              Type           Power        Failure   Level  Hunger
a - Infusion              Chrm           #.....       21%         1    ##.....


Dungeon Overview and Level Annotations

Branches:
Dungeon (4/15)
 Temple: D:4-7

Altars:
The Shining One


Innate Abilities, Weirdness & Mutations

You cannot wear most types of armour.
You are amphibious.
You can wear up to eight rings at the same time.
You can use your tentacles to constrict eight enemies at once.
Your skin changes colour to match your surroundings (Stealth).
Your rubbery body absorbs attacks (AC +1).


Message History

Ouch! That really hurt!
You hit the ogre but do no damage.
The ogre is lightly wounded.
The ogre closely misses you.
You hit the ogre.
The ogre is moderately wounded.
The ogre barely misses you.
You barely miss the ogre.
The ogre is moderately wounded.
You completely miss the ogre.
The ogre is moderately wounded.
The ogre closely misses you.
You hit the ogre.
The ogre is moderately wounded.
The ogre closely misses you.
You hit the ogre. Your squeeze misses the ogre.
The ogre is heavily wounded.
The ogre hits you with a giant spiked club!!
Ouch! That really hurt!
You die...

###.#...... +.....
#...+...... #.....
#.#.#...... #....#
#...'...... #....#..
###.#...... #....##.#
#.#.#.#.. #....# ..
#.#.#.#.. #..O.# #.##
#.#.#.... #...@#
..###.#.####. #....#
#.#....P.##..
#....####.#.#..(♣.#..
#....##.....#.P♣♣P..#
#....##.#.###..♣♣...#
.....###...#..##PPP♣...#
..... #.####.##...P....
..... #.........#######
.... #######.#.# #..


You could see an ogre.

Vanquished Creatures
  Jessica (D:3)
  Natasha (D:4)
  A worker ant (D:4)
  6 adders
  An ooze (D:3)
  6 orcs (D:3)
  2 ball pythons (D:1)
  8 bats
  A giant cockroach (D:1)
  7 hobgoblins
  6 jackals (D:3)
  7 kobolds
  A quokka (D:3)
  4 giant newts
  8 goblins
  7 rats
67 creatures vanquished.

Notes
Turn   | Place    | Note
--------------------------------------------------------------
     0 | D:1      | Jerry the Octopode Monk began the quest for the Orb.
     0 | D:1      | Reached XP level 1. HP: 16/16 MP: 1/1
    31 | D:1      | Found a glowing golden altar of the Shining One.
   352 | D:1      | Reached XP level 2. HP: 21/21 MP: 2/2
   793 | D:2      | Reached XP level 3. HP: 17/26 MP: 3/3
  1719 | D:3      | Reached XP level 4. HP: 31/31 MP: 4/4
  2564 | D:3      | Reached skill level 5 in Dodging
  2722 | D:3      | Reached XP level 5. HP: 36/36 MP: 5/5
  2815 | D:3      | Noticed Jessica
  2825 | D:3      | Killed Jessica
  2844 | D:3      | Identified Jessica's Disquisition on Protection
  2847 | D:3      | Learned a level 1 spell: Infusion
  3016 | D:4      | Got a fine whip
  3017 | D:4      | Identified the cursed +1 whip of Piminnoi {pain, MR++} (You found it on level 4 of the Dungeon)
  3025 | D:4      | Noticed Natasha
  3035 | D:4      | Killed Natasha
  3035 | D:4      | Reached skill level 1 in Charms
  3244 | D:4      | Noticed an ogre
  3256 | D:4      | Mangled by an ogre

Action                   |  1- 3 |  4- 6 || total
-------------------------+-------+-------++-------
Melee: Unarmed           |    63 |    67 ||   130
       Whip              |       |    16 ||    16
Throw: Stone             |     2 |     8 ||    10
  Use: Scroll            |     1 |     2 ||     3
 Stab: Sleeping          |     9 |     9 ||    18
       Distracted        |       |     1 ||     1
  Eat: Chunk             |     2 |     5 ||     7
